 Dungeon Crawl Stone Soup version 0.31-a0-369-g8eba5f6939 (webtiles) character file.

Game seed: 16292720859717968217

3098 Dirtsage the Mimic (level 9, -6/62 HPs)
             Began as an Octopode Shapeshifter on July 28, 2023.
             Was an Initiate of the Shining One.
             Mangled by a two-headed ogre
             ... wielding a +0 giant spiked club
              (12 damage)
             ... on level 8 of the Dungeon.
             The game lasted 00:19:29 (8083 turns).

Dirtsage the Mimic (Octopode Shapeshifter)          Turns: 8083, Time: 00:19:30

Health: -6/62      AC:  1    Str: 16    XL:     9   Next: 90%
Magic:  9/9        EV: 13    Int: 12    God:    the Shining One [......]
Gold:   408        SH:  0    Dex: 13    Spells: 8/8 levels left

rFire   + .          .
                       - Unarmed
rCold   . . .        (shield currently unavailable)
rNeg    . . .        (helmet restricted)
rPois   .            (no amulet)
rElec   .            C - ring of resist corrosion
rCorr   +            i - ring of flight
SInv    .            F - ring of protection from fire
Will    .....        (no ring)
Stlth   +            (no ring)
HPRegen 0.30/turn    (no ring)
MPRegen 0.11/turn    (no ring)
                     (no ring)

%: no passive effects
@: blade tentacles, flying, glowing
A: almost no armour, amphibious, 8 rings, camouflage 1, gelatinous body 1,
(nimble swimmer 1), tentacles
a: Begin Untransformation, Renounce Religion


You were on level 8 of the Dungeon.
You worshipped the Shining One.
The Shining One was noncommittal.
You had blades for main tentacles.
You visited 2 branches of the dungeon, and saw 9 of its levels.
You also visited: Sewer.

You collected 408 gold pieces.

Inventory:

Missiles
 e - a curare-tipped dart
Magical Staves
 f - a staff of fire
Jewellery
 i - a ring of flight (right blade tentacle)
 C - a ring of resist corrosion (left blade tentacle)
 F - a ring of protection from fire (on tentacle)
Talismans
 z - a blade talisman
 H - a beast talisman
Wands
 a - a wand of mindburst (19)
 b - a wand of polymorph (6)
 y - a wand of flame (17)
 B - a wand of roots (3)
Scrolls
 c - 4 scrolls of poison {unknown}
 d - 9 scrolls of identify {unknown}
 g - a scroll of silence {unknown}
 l - 2 scrolls of enchant armour {unknown}
 m - a scroll of fog {unknown}
 p - 3 scrolls of amnesia
 s - 4 scrolls of immolation {unknown}
 t - 3 scrolls of teleportation
 v - a scroll of revelation {unknown}
 x - a scroll of enchant weapon {unknown}
 A - a scroll of noise {unknown}
 E - a scroll of vulnerability {unknown}
 G - 2 scrolls of blinking {unknown}
Potions
 h - a potion of cancellation {unknown}
 j - 4 potions of brilliance {unknown}
 k - a potion of resistance {unknown}
 n - a potion of haste {unknown}
 o - 2 potions of heal wounds {unknown}
 q - a potion of curing
 r - 4 potions of enlightenment
 u - 2 potions of degeneration {unknown}
 w - 3 potions of mutation {unknown}
 D - a potion of might {unknown}
 I - a potion of invisibility {unknown}
 J - a potion of ambrosia {unknown}


   Skills:
 + Level 6.2 Fighting
 - Level 2.0 Dodging
 + Level 7.0 Unarmed Combat
 * Level 9.1 Shapeshifting


You had 8 spell levels left.
You didn't know any spells.
Your spell library contained the following spells:

 Spells                   Type           Power      Damage    Failure   Level
 Inner Flame              Hex/Fire       0%         N/A       95%         3
 Stone Arrow              Conj/Erth      0%         3d7       95%         3
 Flame Wave               Conj/Fire      0%         2d4       100%        4
 Sticky Flame             Conj/Fire      0%         2d3       100%        4
 Summon Lightning Spire   Summ/Air       0%         N/A       100%        4
 Lee's Rapid Deconstruct  Erth           0%         3d4*      100%        5
 Lehudib's Crystal Spear  Conj/Erth      0%         10d2      100%        8
 Animate Armour           Summ/Erth      Unusable   N/A       N/A         4

Dungeon Overview and Level Annotations

Branches:
Dungeon (8/15)             Temple (1/1) D:7           Sewer (visited)
   Lair: D:8-11

Altars:
Cheibriados
Dithmenos
Elyvilon
Fedhas
Gozag
Hepliaklqana
Kikubaaqudgha
Makhleb
Nemelex Xobeh
Okawaru
Qazlal
Ru
Sif Muna
Trog
Uskayaw
Vehumet
Wu Jian
Xom
Yredelemnul
Zin
The Shining One

Shops:
D:7 *[*

Annotations:
D:2 1 runed translucent door, Crazy Yiuf
D:4 2 transporters, TobyConnect's ghost, amateur DsSh


Innate Abilities, Weirdness & Mutations

You have blades for main tentacles.
Your spellcasting is less reliable in this form.
You are incapable of wielding weapons or throwing items.
You cannot wear most types of armour.
You are amphibious.
You can wear up to eight rings at the same time.
Your skin changes colour to match your surroundings (Stealth+).
Your rubbery body absorbs attacks. (AC +1, EV +1)
((You are camouflaged when in or above water. (Stealth+)))
You have tentacles for arms and can constrict up to eight enemies at once.


Message History

You feel sick.
You feel sick.
You feel sick.
You feel sick.
You are no longer poisoned.
HP restored.
w - 3 amethyst potions (gained 1)
J - a yellow potion Health restored: 62
Found a stone staircase leading up.
t - 3 scrolls of teleportation (gained 1)
A two-headed ogre and an electric eel come into view.
The two-headed ogre shouts in stereo!
A centaur comes into view.
The two-headed ogre moves out of view.
The electric eel moves out of view.
The centaur shouts!
Aiming: Mindburst
Press: ? - help, Shift-Dir - straight line, f - two-headed ogre
Aim: a two-headed ogre, wielding two +0 giant spiked clubs (chance to affect: 47%)
The two-headed ogre resists with some effort.
You slice the two-headed ogre!!
The two-headed ogre is moderately wounded.
The two-headed ogre hits you with a +0 giant spiked club!!
Ouch! That really hurt!
The two-headed ogre closely misses you.
You take 31 damage, and have 31/62 hp.
MASSIVE DAMAGE!!
You barely miss the two-headed ogre. You squeeze the two-headed ogre.
The two-headed ogre is moderately wounded.
You slash the two-headed ogre! x2
The two-headed ogre is severely wounded.
The two-headed ogre hits you with a +0 giant spiked club.
The two-headed ogre hits you with a +0 giant spiked club!!
* * * LOW HITPOINT WARNING * * *
You take 23 damage, and have 8/62 hp.
MASSIVE DAMAGE!!
You barely miss the two-headed ogre.
The two-headed ogre is severely wounded.
The two-headed ogre hits you with a +0 giant spiked club.
* * * LOW HITPOINT WARNING * * *
The two-headed ogre hits you with a +0 giant spiked club!
You die...

#...[....##
#........#
#........# .
###........# ~♣
#.....<..### ~.~
#........# ..~~
#........# ~~~~~
#........#####.~~~~~
####.######.@OcS.~≈~
#.######.##..~~≈~
#........# ~~♣~~
#######.## ~~~ #.#
~~. #.. .. #### #


You could see a two-headed ogre, a centaur and an electric eel.

Vanquished Creatures
  Maurice (D:8)
  3 water moccasins
  3 orc warriors
  An ice beast (D:5)
  2 ogres
  2 centaurs (D:6)
  2 kobold brigands (Sewer)
  3 scorpions
  3 gnoll sergeants (D:7)
  A vampire bat (D:5)
  A howler monkey (D:5)
  8 hounds
  2 gnoll boudas (D:7)
  3 orc priests
  2 sleepcaps
  Jessica (D:3)
  2 iguanas
  7 orc wizards
  14 gnolls (D:7)
  8 adders
  2 river rats (Sewer)
  A shadow imp (D:7)
  2 white imps
  An ufetubus (D:6)
  A worm (D:4)
  A dart slug (D:5)
  3 fire bats (D:5)
  23 orcs
  2 spectral bats (D:5)
  7 ball pythons
  3 bat skeletons (D:5)
  A bat zombie (D:5)
  8 endoplasms
  7 giant cockroaches
  3 goblins
  10 hobgoblins
  15 jackals
  5 quokkas
  15 bats
  A bat simulacrum (D:5)
  2 frilled lizards
  12 kobolds
  11 rats
205 creatures vanquished.

Notes
Turn   | Place    | Note
-------+----------+-------------------------------------------
     0 | D:1      | Dirtsage the Octopode Shapeshifter began the quest for the
                  | Orb.
     0 | D:1      | Reached XP level 1. HP: 13/13 MP: 1/1
    96 | D:1      | Reached XP level 2. HP: 18/18 MP: 2/2
   580 | D:2      | Reached XP level 3. HP: 22/23 MP: 3/3
   627 | D:2      | Reached skill level 4 in Shapeshifting
   823 | D:2      | Reached XP level 4. HP: 27/28 MP: 4/4
  1022 | D:2      | Found a runed translucent door.
  1023 | D:2      | Noticed Crazy Yiuf
  1175 | D:3      | Found a faded altar of an unknown god.
  1276 | D:3      | Found a hide-covered altar of Uskayaw.
  1341 | D:3      | Found a glowing drain.
  1345 | Sewer    | Entered a sewer
  1494 | Sewer    | Noticed a kobold brigand
  1495 | Sewer    | Noticed a kobold brigand
  1514 | Sewer    | Reached XP level 5. HP: 33/33 MP: 5/5
  1530 | Sewer    | Killed a kobold brigand
  1531 | Sewer    | Reached skill level 5 in Shapeshifting
  1532 | Sewer    | Killed a kobold brigand
  1533 | Sewer    | Reached XP level 6. HP: 27/38 MP: 6/6
  1610 | Sewer    | Found a white marble altar of Elyvilon.
  1722 | D:3      | Noticed Jessica
  1727 | D:3      | Killed Jessica
  1728 | D:3      | Reached skill level 6 in Shapeshifting
  2211 | D:4      | Found a transporter.
  2216 | D:4      | Identified the +0 hand axe "Osaojep" {venom, Fly rN+ Will+
                  | Str+2}
  2221 | D:4      | Noticed TobyConnect's ghost (amateur DsSh)
  2222 | D:4      | Found a transporter.
  2237 | D:4      | Identified the +1 dagger "Qeiripn" {freeze, rElec rF+ rC-
                  | Will+}
  2257 | D:4      | Identified the +3 chain mail of Pragmatism {rPois Will-
                  | Dex+4}
  2449 | D:4      | Found a sacrificial altar of Ru.
  2451 | D:4      | Found an ancient bone altar of Kikubaaqudgha.
  2643 | D:4      | Reached XP level 7. HP: 45/45 MP: 7/7
  2893 | D:5      | Entered Level 5 of the Dungeon
  3681 | D:5      | Reached XP level 8. HP: 50/52 MP: 8/8
  4480 | D:6      | Reached skill level 5 in Unarmed Combat
  4521 | D:6      | Reached skill level 7 in Shapeshifting
  4521 | D:6      | HP: 1/54 [something/magic dart (7)]
  5361 | D:7      | Found Zin's Purification Station.
  5361 | D:7      | Found a glowing silver altar of Zin.
  5389 | D:7      | Found Noebolid's Assorted Antiques.
  5585 | D:7      | Reached skill level 5 in Fighting
  5585 | D:7      | Reached XP level 9. HP: 53/61 MP: 9/9
  5813 | D:7      | Reached skill level 8 in Shapeshifting
  6723 | D:7      | Found a staircase to the Ecumenical Temple.
  6744 | Temple   | Entered the Ecumenical Temple
  6761 | Temple   | Became a worshipper of the Shining One
  7300 | D:7      | Found Xubroadi's Antique Armour Boutique.
  7699 | D:8      | Noticed Maurice
  7731 | D:8      | Killed Maurice
  7732 | D:8      | Reached skill level 9 in Shapeshifting
  7795 | D:8      | Found a sparkling altar of Nemelex Xobeh.
  8077 | D:8      | Noticed a two-headed ogre
  8083 | D:8      | Mangled by a two-headed ogre

Illustrated notes

Levels and vault maps discovered:
D:1:      dpeg_arrival_leaves_temple_mockup, layout_basic
D:2:      layout_rooms, uniq_crazy_yiuf_cottage
D:3:      layout_basic, nicolae_uskayaw_murder_on_the_dancefloor,
          ebering_ecumenical_altar_mist, gup_sewer_entry_spiral, uniq_jessica
D:4:      layout_loops_ring, chequers_temple_overflow_statue_of_worship,
          gammafunk_ghost_smash
D:5:      layout_basic, goddamned_bats
D:6:      layout_layer_cave
D:7:      layout_cave_pods, zin_purify, minmay_temple_entry_glass,
          serial_gnoll_camp, gnoll_camp_mini_loothouse, gnoll_camp_mini_shop,
          gnoll_camp_huts_basic, gnoll_camp_mini_hut, gnoll_camp_mini_hut,
          serial_shops, nicolae_shop_window_shopping, grunt_decor_cap
D:8:      layout_basic, mainiacjoe_overflow_catwalk, serial_bayou_pond_b,
          uniq_maurice
Temple:   nicolae_temple_bog_church

Skill      XL: |  1  2  3  4  5  6  7  8  9 |
---------------+----------------------------+-----
Shapeshifting  | 4 5 6 7 9 |  9.1
Fighting       | 2 3 5 6 |  6.2
Unarmed Combat | 4 5 7 |  7.0
Dodging        | |  2.0

Action                     |  1- 3 |  4- 6 |  7- 9 || total
---------------------------+-------+-------+-------++-------
  Melee: Unarmed           |    55 |   119 |   246 ||   420
         Constrict         |    13 |    31 |    58 ||   102
         Tentacles         |    11 |    22 |    49 ||    82
         Punch             |     1 |     4 |     7 ||    12
  Evoke: Wand              |       |       |     2 ||     2
    Use: Potion            |       |       |     7 ||     7
         Scroll            |       |       |     2 ||     2
   Stab: Sleeping          |     3 |     9 |     9 ||    21
 Armour: Skin              |     2 |     7 |    26 ||    35
  Dodge: Dodged            |    32 |    58 |   142 ||   232
   Form: Blade             |       |       |     1 ||     1

Table legend: (Time is in decaauts)
 A = Elapsed time spent in this place.
 B = Non-inter-level travel time spent in this place.
 C = Inter-level travel time spent in this place.
 D = Time resting spent in this place.
 E = Time spent auto-exploring this place.
 F = Levels seen in this place.
 G = Mean time per level.
                   A        B        C        D        E       F      G
               +--------+--------+--------+--------+--------+-----+--------+
         Total |   8044 |   7808 |    236 |    699 |   5755 |  10 |  804.4 |
       Dungeon |   7715 |   7491 |    224 |    626 |   5633 |   8 |  964.4 |
        Temple |     30 |     18 |     12 |      0 |      0 |   1 |   30.0 |
         Sewer |    299 |    299 |      0 |     73 |    122 |   1 |  299.0 |
               +--------+--------+--------+--------+--------+-----+--------+

Top non-repeatable levels by time:
     D:7: 1955 daAuts
     D:6: 1291 daAuts
     D:5: 1282 daAuts
     D:3: 735 daAuts
     D:4: 683 daAuts
     D:8: 604 daAuts
     D:2: 600 daAuts
     D:1: 563 daAuts
   Sewer: 299 daAuts
  Temple: 30 daAuts
